 Dungeon Crawl Stone Soup version 0.30-a0-802-gb92711bcdf (webtiles) character file.

Game seed: 14675781290696021839

205 jimonade the Slasher (level 6, -13/45 HPs)
             Began as a Djinni Warper on Feb 24, 2023.
             Mangled by an ogre
             ... wielding a +0 giant club
              (16 damage)
             ... on level 4 of the Dungeon.
             The game lasted 00:10:20 (3342 turns).

jimonade the Slasher (Djinni Warper)                Turns: 3342, Time: 00:10:20

Health: -13/45     AC:  4    Str: 12    XL:     6   Next: 10%
Gold:   141        EV: 12    Int: 14    God:
                   SH:  0    Dex: 13

rFire   + + .      SeeInvis .    a - +0 falchion
rCold   x . .      Faith    .    k - orb {*Rage}
rNeg    . . .      Spirit   .    b - +0 leather armour
rPois   ∞          Reflect  .    (no helmet)
rElec   .          Harm     .    o - +0 cloak
rCorr   .          Rampage  .    (no gloves)
Will    .....      Rage     20%  (boots unavailable)
Stlth   +                        (no amulet)
HPRegen 0.27/turn                (no ring)
MPRegen 0.00/turn                (no ring)

@: flying
A: sickness immunity, fire resistance 2, cold vulnerability 1, float, innate
caster, HP casting, extra vitality 1
a: no special abilities


You were on level 4 of the Dungeon.
You visited 1 branch of the dungeon, and saw 4 of its levels.

You collected 141 gold pieces.

Inventory:

Hand Weapons
 a - a +0 falchion (weapon)
 f - a +0 sling
Missiles
 d - 7 boomerangs of dispersal (quivered)
 j - 6 silver javelins
 p - a throwing net
 u - 4 boomerangs
Armour
 b - a +0 leather armour (worn)
 k - an orb of wrath (worn)
 o - a +0 cloak (worn)
 r - an orb of mayhem
Magical Staves
 g - a staff of death
Jewellery
 s - a ring of positive energy
 y - the Hermit's Pendant {Faith Invo=14 Evo=0 MP+5}
   (You found it on level 3 of the Dungeon)

   [amulet of faith]

   Invo=14: It sets your Invocations skill to 14.
   Evo=0: It sets your Evocations skill to 0.
   It allows you to gain divine favour quickly.
   MP:        It affects your magic capacity (+5).
Scrolls
 c - 3 scrolls of blinking
 e - a scroll of torment {unknown}
 n - 2 scrolls of teleportation
Potions
 h - 2 potions of attraction
 i - 2 potions of curing
 l - a potion of heal wounds
 m - 2 potions of haste
 v - a potion of invisibility
 w - 2 potions of mutation
 x - a potion of might


   Skills:
 + Level 2.5 Fighting
 + Level 3.2 Long Blades
 - Level 0.7 Throwing
 + Level 2.3 Armour
 + Level 3.1 Dodging
 + Level 0.4 Stealth
 * Level 3.2 Spellcasting


You knew the following spells:

 Your Spells              Type           Power      Damage    Failure   Level
a - Blink                 Tloc           22%        N/A       11%         2
b - Lesser Beckoning      Tloc           22%        N/A       11%         2
c - Vhi's Electric Charg  Tloc/Air       22%        N/A       22%         3
d - Teleport Other        Tloc           11%        N/A       22%         3
e - Manifold Assault      Tloc           11%        N/A       56%         4
f - Freeze                Ice            44%        1d6       7%          1
g - Passwall              Tmut/Erth      9%         N/A       11%         2
Your spell library was empty.

Dungeon Overview and Level Annotations

Branches:
Dungeon (4/15)
 Temple: D:4-7

Altars:
Ashenzari
Gozag
Trog

Shops:
D:1 =   D:3 *

Annotations:
D:3 exclusion: downstairs


Innate Abilities, Weirdness & Mutations

You are immune to sickness and miasma.
You are immune to poison.
Your flesh is very heat resistant. (rF++)
You are vulnerable to cold. (rC-)
You float through the air rather than walking.
You learn spells naturally, not from books.
Your magical power is your life essence.
You have superior vitality. (+4 MHP)


Message History

Throw: 5 darts (poison)
Press: ? - help, Q - select action, (/) - cycle Shift-Dir - straight line, f - ogre
Aim: an ogre, wielding a +0 giant club (73% to hit)
You throw a poisoned dart. The poisoned dart hits the ogre.
Throw: 4 darts (poison)
Press: ? - help, Q - select action, (/) - cycle Shift-Dir - straight line, f/p - ogre
Aim: an ogre, wielding a +0 giant club (73% to hit)
You throw a poisoned dart. The poisoned dart hits the ogre.
The ogre is poisoned.
Throw: 3 darts (poison)
Press: ? - help, Q - select action, (/) - cycle Shift-Dir - straight line, f/p - ogre
Aim: an ogre, wielding a +0 giant club (poisoned, 73% to hit)
You throw a poisoned dart. The poisoned dart hits the ogre.
The ogre looks even sicker.
Throw: 2 darts (poison)
Press: ? - help, Q - select action, (/) - cycle Shift-Dir - straight line, f/p - ogre
Aim: an ogre, wielding a +0 giant club (very poisoned, 73% to hit)
You throw a poisoned dart.
The poisoned dart barely misses the ogre.
Throw: dart (poison)
Press: ? - help, Q - select action, (/) - cycle Shift-Dir - straight line, f/p - ogre
Aim: an ogre, wielding a +0 giant club (very poisoned, 73% to hit)
You throw a poisoned dart. The poisoned dart hits the ogre.
The ogre looks even sicker.
You barely miss the ogre.
The ogre hits you with a +0 giant club!!
You hit the ogre.
The ogre is moderately wounded.
The ogre hits you with a +0 giant club!!
Ouch! That really hurt!
* * * LOW HITPOINT WARNING * * *
You hit the ogre.
The ogre is moderately wounded.
The ogre closely misses you.
You hit the ogre.
The ogre is heavily wounded.
You hit the ogre.
The ogre is severely wounded.
The ogre hits you with a +0 giant club!
You die...

..# #...#
#.###########...#################
O(....#.........................g
#.....#........................#
#.r...#........###............#
#.#..##...[..†## #........~~..#
..##.rO.O....## ##...((..~..~.##
.######......# ##~..(~~..~..~~~##
##########...# #@O((~..~.$~..~~~#
............# #~~..~..~⌠.~...~~#
#.#.#.#.##### #~~...~.⌠~..~..~~#
#.......# #~~~..~..~..~..~~#
######### ##~~~..~..~~...~##
##.~..~.......## #..~~........#
#............## ..............#.


You could see an ogre (very poisoned).

Vanquished Creatures
  An ogre (D:4)
  An orc priest (D:3)
  3 adders (D:3)
  A worm (D:2)
  3 orcs (D:3)
  4 bats
  5 endoplasms
  5 giant cockroaches
  4 hobgoblins
  4 jackals (D:2)
  7 quokkas
  3 ball pythons
  2 frilled lizards
  5 goblins
  A kobold (D:1)
  6 rats
55 creatures vanquished.

Notes
Turn   | Place    | Note
-------+----------+-------------------------------------------
     0 | D:1      | jimonade the Djinni Warper began the quest for the Orb.
     0 | D:1      | jimonade set off with the following spells memorised:
                  | Blink, Lesser Beckoning, Vhi's Electric Charge, Teleport
                  | Other, Manifold Assault.
     0 | D:1      | Reached XP level 1. HP: 18/18 MP: 0/0
   136 | D:1      | Found Vudeoto's Jewellery Shop.
   174 | D:1      | Found a faded altar of an unknown god.
   184 | D:1      | Reached XP level 2. HP: 13/23 MP: 0/0
   703 | D:2      | Reached XP level 3. HP: 28/28 MP: 0/0
   703 | D:2      | Learned a level 1 spell: Freeze
  1445 | D:3      | Reached XP level 4. HP: 29/33 MP: 0/0
  1961 | D:3      | Reached XP level 5. HP: 35/39 MP: 0/0
  1961 | D:3      | Learned a level 2 spell: Passwall
  2157 | D:3      | Found Lafiutz's General Store.
  2294 | D:3      | Found the Hermit's Pendant {Faith Invo=14 Evo=0 MP+5}
  2482 | D:3      | Found a bloodstained altar of Trog.
  3048 | D:4      | Noticed an ogre
  3124 | D:4      | Noticed an ogre
  3132 | D:4      | Killed an ogre
  3133 | D:4      | Reached XP level 6. HP: 35/45 MP: 0/0
  3289 | D:4      | Found a broken altar of Ashenzari.
  3289 | D:4      | Found an opulent altar of Gozag.
  3323 | D:4      | Noticed an ogre
  3339 | D:4      | HP: 2/45 [ogre/+0 giant club (23)]
  3342 | D:4      | Mangled by an ogre

Illustrated notes

Levels and vault maps discovered:
D:1:      lightli_arrival_boilingwater, layout_rooms,
          hellmonk_ecumenical_altar_arch_garden, serial_shops,
          nicolae_shop_window_shopping, chequers_serial_rivers_room_b,
          kennysheep_doodads, minmay_misc_feat_diagonals
D:2:      layout_rooms, nicolae_elevator_lobby_asterisk
D:3:      layout_basic, lightli_temple_of_fire, serial_co_window_serial,
          co_window_corner_a, co_window_paths_b, co_window_corner_a,
          co_window_paths_a, co_window_paths_a, co_window_paths_a,
          co_window_corner_b, co_window_of_opportunity_b, co_window_broadway_a,
          co_window_2corner, co_window_of_opportunity_c, co_window_cross_3,
          co_window_paths_c, serial_shops, shop, serial_bayou_pond_d
D:4:      cheibrodos_helix_gallery, layout_basic,
          mainiacjoe_overflow_concentric_impassable,
          nicolae_overflow_two_pavilions, hangedman_minor_gate_pass

Skill      XL: |  1  2  3  4  5 |
---------------+----------------+-----
Long Blades    | 2 3 |  3.2
Spellcasting   | 3 |  3.2
Dodging        | 3 |  3.1
Armour         | 2 |  2.3
Fighting       | |  2.5
Throwing       | |  0.7
Stealth        | |  0.4

Action                     |  1- 3 |  4- 6 || total
---------------------------+-------+-------++-------
  Melee: Falchion          |   129 |    85 ||   214
  Throw: Dart              |       |     9 ||     9
    Use: Scroll            |       |    11 ||    11
   Stab: Sleeping          |     2 |     1 ||     3
 Armour: Leather armour    |    42 |    23 ||    65
  Dodge: Dodged            |    63 |    46 ||   109

Table legend: (Time is in decaauts)
 A = Elapsed time spent in this place.
 B = Non-inter-level travel time spent in this place.
 C = Inter-level travel time spent in this place.
 D = Time resting spent in this place.
 E = Time spent auto-exploring this place.
 F = Levels seen in this place.
 G = Mean time per level.
                   A        B        C        D        E       F      G
               +--------+--------+--------+--------+--------+-----+--------+
         Total |   3382 |   3265 |    117 |    533 |   1401 |   4 |  845.5 |
       Dungeon |   3382 |   3265 |    117 |    533 |   1401 |   4 |  845.5 |
               +--------+--------+--------+--------+--------+-----+--------+

Top non-repeatable levels by time:
     D:3: 1796 daAuts
     D:2: 727 daAuts
     D:1: 675 daAuts
     D:4: 183 daAuts
